 Dungeon Crawl Stone Soup version 0.29.1-15-g9cfb28693d (webtiles) character file.

Game seed: 11238651222733842971

713 sowiloc the Conjurer (level 7, -1/50 HPs)
             Began as a Green Draconian Conjurer on Mar 8, 2023.
             Was an Initiate of Vehumet.
             Killed from afar by an orc wizard (6 damage)
             ... with a magic dart
             ... on level 5 of the Dungeon.
             The game lasted 00:14:44 (5052 turns).

sowiloc the Conjurer (Green Draconian Conjurer)     Turns: 5052, Time: 00:14:45

Health: -1/50      AC:  8    Str: 10    XL:     7   Next: 41%
Magic:  15/15      EV: 16    Int: 20    God:    Vehumet [......]
Gold:   276        SH:  0    Dex:  9    Spells: 14/17 levels left

rFire   . . .      SeeInvis .   i - staff of cold
rCold   + . .      Faith    .   (no shield)
rNeg    . . .      Spirit   .   (body armour unavailable)
rPois   +          Reflect  .   (helmet restricted)
rElec   .          Harm     .   f - +0 cloak
rCorr   +          Rampage  .   (no gloves)
Will    .....                   h - +0 pair of boots
Stlth   +.........              (no amulet)
HPRegen 0.16/turn               j - +4 ring of evasion
MPRegen 0.14/turn               q - ring of resist corrosion

@: confused
A: breathe noxious fumes, AC +6, unfitting armour, poison resistance,
cold-blooded, horns 1
a: Breathe Noxious Fumes, Renounce Religion


You were on level 5 of the Dungeon.
You worshipped Vehumet.
Vehumet was noncommittal.
You visited 2 branches of the dungeon, and saw 6 of its levels.

You collected 276 gold pieces.

Inventory:

Armour
 f - a +0 cloak (worn)
 h - a +0 pair of boots (worn)
Magical Staves
 i - a staff of cold (weapon)
Jewellery
 j - a +4 ring of evasion (left hand)
 p - a ring of fire
 q - a ring of resist corrosion (right hand)
Wands
 l - a wand of iceblast (3) (quivered)
Scrolls
 b - a scroll of vulnerability
 c - a scroll of fear
 e - a scroll of brand weapon
 g - a scroll of immolation {unknown}
 k - 2 scrolls of teleportation
 m - a scroll of enchant armour {unknown}
 o - a scroll of enchant weapon {unknown}
Potions
 a - a potion of magic
 d - a potion of flight
 n - 2 potions of attraction


   Skills:
 - Level 2.3 Dodging
 - Level 1.8 Stealth
 * Level 5.8 Spellcasting
 + Level 6.6 Conjurations


You had 14 spell levels left.
You knew the following spells:

 Your Spells              Type           Power      Damage    Failure   Level
a - Magic Dart            Conj           100%       1d8       1%          1
b - Searing Ray           Conj           64%        2d6       1%          2

Your spell library contained the following spells:

 Spells                   Type           Power      Damage    Failure   Level
 Dazzling Flash           Conj/Hex       38%        N/A       9%          3
 Scorch                   Fire           10%        2d5       16%         2
 Flame Wave               Conj/Fire      19%        2d7       26%         4
 Fulminant Prism          Conj/Hex       9%         3d7       26%         4
 Iskenderun's Mystic Bla  Conj/Tloc      19%        2d6       26%         4
 Gell's Gravitas          Tloc           5%         N/A       32%         3
 Lesser Beckoning         Tloc           5%         N/A       32%         3
 Teleport Other           Tloc           5%         N/A       32%         3
 Summon Cactus Giant      Summ           2%         N/A       100%        6


Dungeon Overview and Level Annotations

Branches:
Dungeon (5/15)             Temple (1/1) D:4

Altars:
Elyvilon
Hepliaklqana
Kikubaaqudgha
Makhleb
Okawaru
Qazlal
Vehumet
Zin
The Shining One


Innate Abilities, Weirdness & Mutations

You can breathe blasts of noxious fumes.
Your lurid green scales are hard. (AC +6)
You cannot fit into any form of body armour.
Your system is resistant to poisons. (rPois)
You are cold-blooded and may be slowed by cold attacks.
You have a pair of small horns on your head.


Message History

The orc wizard mumbles some strange words.
The orc wizard flickers and vanishes!
Something hits you.
You hear some strange, mumbled words.
A puff of flame appears from out of thin air!
The puff of flame misses you.
You hear some strange, mumbled words.
You are more confused.
You hear some strange, mumbled words.
A puff of flame appears from out of thin air!
The puff of flame hits you!
* * * LOW HITPOINT WARNING * * *
Something closely misses you.
You hear some strange, mumbled words.
A puff of flame appears from out of thin air!
The puff of flame hits you.
* * * LOW HITPOINT WARNING * * *
You're too confused to cast spells.
You are too confused!
You hear some strange, mumbled words.
You are more confused.
You hear some strange, mumbled words.
You are more confused.
Something hits you but does no damage.
You hear some strange, mumbled words.
A magic dart appears from out of thin air!
The magic dart hits you but does no damage.
You bump into the rock wall.
Something hits you but does no damage. Something barely misses you.
Something hits you but does no damage.
You completely miss something.
Your tail-slap misses something.
Something hits you.
* * * LOW HITPOINT WARNING * * *
Something hits you but does no damage. Something hits you.
* * * LOW HITPOINT WARNING * * *
Something barely misses you.
A magic dart appears from out of thin air!
The magic dart hits you.
You die...

#######
#####.....+
#......#
#...{..########.
#.......)??.....
#####@<##.......
#.......#
.......
#.#####.#
....... #.#
...o... #.#
....o.. #.#
....... #.#
....... #.#


There were no monsters in sight!

Vanquished Creatures
  Sigmund (D:3)
  A phantom (D:4)
  4 scorpions
  A howler monkey (D:4)
  An orc priest (D:4)
  8 gnolls
  An adder (D:2)
  2 worms
  2 dart slugs
  3 orcs
  6 bats
  10 endoplasms
  2 giant cockroaches
  2 goblins (D:3)
  8 hobgoblins
  2 jackals (D:2)
  7 kobolds
  6 quokkas
  10 ball pythons
  3 frilled lizards
  3 rats
83 creatures vanquished.

Vanquished Creatures (others)
  A plant (D:1)
1 creature vanquished.

Grand Total: 84 creatures vanquished

Notes
Turn   | Place    | Note
-------+----------+-------------------------------------------
     0 | D:1      | sowiloc the Draconian Conjurer began the quest for the Orb.
     0 | D:1      | Reached XP level 1. HP: 14/14 MP: 3/3
   207 | D:1      | Reached XP level 2. HP: 6/20 MP: 0/5
  1050 | D:1      | Reached XP level 3. HP: 20/26 MP: 2/6
  1138 | D:1      | Learned a level 2 spell: Searing Ray
  1998 | D:2      | Found a faded altar of an unknown god.
  2591 | D:3      | Noticed Sigmund
  2595 | D:3      | Killed Sigmund
  2596 | D:3      | Reached skill level 5 in Conjurations
  2596 | D:3      | Reached XP level 4. HP: 33/33 MP: 1/9
  2596 | D:3      | Reached XP level 5. HP: 38/38 MP: 1/10
  2903 | D:3      | Reached XP level 6. HP: 24/45 MP: 0/12
  3599 | D:4      | Reached skill level 6 in Conjurations
  3703 | D:4      | Reached skill level 5 in Spellcasting
  3765 | D:4      | Gained mutation: You have a pair of small horns on your
                  | head. [potion of mutation]
  3995 | D:4      | Found a stormy altar of Qazlal.
  4130 | D:4      | Found a staircase to the Ecumenical Temple.
  4139 | D:4      | Your scales start taking on a lurid green colour.
  4139 | D:4      | Reached XP level 7. HP: 50/50 MP: 9/14
  4139 | D:4      | Gained mutation: Your system is resistant to poisons.
                  | (rPois) [Green Draconian growth]
  4145 | Temple   | Entered the Ecumenical Temple
  4167 | Temple   | Became a worshipper of Vehumet
  4908 | D:5      | Entered Level 5 of the Dungeon
  5052 | D:5      | Killed from afar by an orc wizard

Illustrated notes

Levels and vault maps discovered:
D:1:      lightli_arrival_isolated_outpost, layout_basic, serial_forest,
          infiniplex_forest_straight_2, infiniplex_forest_clump_curved,
          infiniplex_forest_end_2, infiniplex_forest_side_room,
          infiniplex_forest_lined_room_, infiniplex_forest_side_room,
          infiniplex_forest_lined_room_
D:2:      minmay_inner_zag, layout_basic, ebering_ecumenical_altar_abandoned,
          grunt_ministairs_4
D:3:      layout_rooms, serial_curves, eino_curves_02, eino_curves_03,
          uniq_sigmund
D:4:      layout_basic, mainiacjoe_overflow_boulevard,
          minmay_temple_entry_proselytizer
D:5:      layout_basic
Temple:   hellmonk_temple_rainy

Skill      XL: |  1  2  3  4  5  6 |
---------------+-------------------+-----
Dodging        | 2 |  2.3
Spellcasting   | 3 4 5 |  5.8
Conjurations   | 5 6 |  6.6
Stealth        | |  1.8

Action                   |  1- 3 |  4- 6 |  7- 9 || total
-------------------------+-------+-------+-------++-------
Melee: Unarmed           |    25 |     4 |       ||    29
       Tailslap          |     3 |     3 |       ||     6
       Staff             |       |     1 |     8 ||     9
 Cast: Magic Dart        |    57 |    34 |     9 ||   100
       Searing Ray       |     7 |    13 |    10 ||    30
Evoke: Wand              |       |       |     1 ||     1
  Use: Potion            |     1 |     4 |       ||     5
       Scroll            |       |     3 |     1 ||     4
Armor: Skin              |     8 |     9 |    25 ||    42
Dodge: Dodged            |    28 |    27 |    50 ||   105
